 Dungeon Crawl Stone Soup version 0.20.2-3-g29329e0561 (webtiles) character file.

309 Alfie the Skirmisher (level 6, -8/56 HPs)
             Began as a Minotaur Fighter on Nov 24, 2020.
             Killed by divine providence
             ... invoked by an orc priest
              (12 damage)
             ... on level 4 of the Dungeon.
             The game lasted 00:07:10 (2685 turns).

Alfie the Skirmisher (Minotaur Fighter)             Turns: 2685, Time: 00:07:11

Health: -8/56      AC:  8    Str: 22    XL:     6   Next: 17%
Magic:  5/5        EV:  8    Int:  5    God:
Gold:   133        SH: 10    Dex: 10    Spells: 5/5 levels left

rFire    . . .     SeeInvis .   a - +0 long sword
rCold    . . .     Gourm    .   c - +0 shield
rNeg     . . .     Faith    .   b - +0 scale mail
rPois    .         Spirit   .   (helmet restricted)
rElec    .         Reflect  .   (no cloak)
rCorr    .         Harm     .   (no gloves)
MR       +....                  j - +0 pair of boots
Stlth    ..........             (no amulet)
Regen    0.2/turn               l - ring of protection from magic
MPRegen  0.1/turn               (no ring)

@: no status effects
A: retaliatory headbutt, horns 2
a: no special abilities


You were on level 4 of the Dungeon.
You were not hungry.

You visited 1 branch of the dungeon, and saw 4 of its levels.

You collected 133 gold pieces.

Inventory:

Hand Weapons
 a - a +0 long sword (weapon)
Armour
 b - a +0 scale mail (worn)
 c - a +0 shield (worn)
 j - a +0 pair of boots (worn)
Jewellery
 h - an uncursed ring of ice
 l - a ring of protection from magic (left hand)
Wands
 n - a wand of random effects (34/48)
Scrolls
 g - a scroll of magic mapping {unknown}
 m - 3 scrolls of remove curse
Potions
 d - 2 potions of might
 e - a potion of ambrosia {unknown}
 k - a potion of agility {unknown}
Comestibles
 f - 6 bread rations


   Skills:
 + Level 5.0 Fighting
 + Level 4.6 Long Blades
 + Level 4.7 Armour
 + Level 2.0 Dodging
 + Level 0.1 Stealth
 + Level 5.0 Shields


You had 5 spell levels left.
You didn't know any spells.

Dungeon Overview and Level Annotations

Branches:
Dungeon (4/15)
 Temple: D:4-7

Altars:


Innate Abilities, Weirdness & Mutations

You reflexively headbutt those who attack you in melee.
You have a pair of horns on your head.


Message History

The orc priest closely misses you.
You riposte.
You hit the orc priest but do no damage.
You hit the giant cockroach.
The giant cockroach is lightly wounded.
You block the adder's attack.
The giant cockroach bites you but does no damage.
You block the adder's attack. The orc priest hits you with a flail.
* * * LOW HITPOINT WARNING * * *
You hit the giant cockroach but do no damage.
The giant cockroach is lightly wounded.
The giant cockroach closely misses you. The adder bites you but does no damage.
The giant cockroach bites you but does no damage.
The orc priest invokes the aid of Beogh against you.
Beogh smites you!
* * * LOW HITPOINT WARNING * * *
The adder closely misses you. You furiously retaliate!
You headbutt the adder, but do no damage.
The orc priest mumbles some strange prayers to Beogh against you.
Beogh smites you!
You die...

#..........
#..........
###..........
#......l.....
#####................
#.(.##.............(.
#...##...............
#.......########.....
#........)@s)........
#...####.†.So.#......
##### ####........##
## ####.......# .>. .
#.............>...
#.......####......
#......####.......
#.................
#.#.#.....##......


You could see an orc priest, an adder and a giant cockroach.

Vanquished Creatures
  An orc priest (D:3)
  An iguana (D:3)
  3 orc wizards
  6 adders
  An adder zombie (D:4)
  3 worms (D:3)
  5 leopard geckos
  15 orcs
  A ball python (D:1)
  7 bats
  A giant cockroach (D:2)
  7 goblins
  4 hobgoblins
  7 jackals
  15 kobolds
  2 quokkas
  2 frilled lizards (D:4)
  10 rats
  A bush (D:2)
  2 plants (D:2)
94 creatures vanquished.

Vanquished Creatures (others)
  A plant (D:2)
1 creature vanquished.

Grand Total: 95 creatures vanquished

Notes
Turn   | Place    | Note
-------+----------+-------------------------------------------
     0 | D:1      | Alfie the Minotaur Fighter began the quest for the Orb.
     0 | D:1      | Reached XP level 1. HP: 19/19 MP: 0/0
   415 | D:1      | Reached XP level 2. HP: 21/27 MP: 1/1
  1005 | D:2      | Reached XP level 3. HP: 31/33 MP: 2/2
  1317 | D:2      | Reached XP level 4. HP: 41/41 MP: 3/3
  1846 | D:2      | Reached skill level 1 in Dodging
  2185 | D:3      | Reached XP level 5. HP: 42/47 MP: 4/4
  2579 | D:3      | Reached skill level 5 in Fighting
  2579 | D:3      | Reached XP level 6. HP: 22/56 MP: 5/5
  2681 | D:4      | Reached skill level 5 in Shields
  2685 | D:4      | Killed from afar by an orc priest

Skill      XL: |  1  2  3  4  5  6 |
---------------+-------------------+-----
Shields        | 4 5 |  5.0
Fighting       | 4 5 |  5.0
Armour         | 4 |  4.7
Long Blades    | 3 4 |  4.6
Dodging        | 1 2 |  2.0
Stealth        | |  0.1

Action                   |  1- 3 |  4- 6 || total
-------------------------+-------+-------++-------
Melee: Long sword        |   100 |   230 ||   330
       Headbutt          |    19 |    48 ||    67
  Use: Scroll            |     1 |     7 ||     8
  Eat: Chunk             |     1 |     2 ||     3
       Royal jelly       |       |     2 ||     2
Armor: Scale mail        |    63 |    61 ||   124
Dodge: Dodged            |    34 |    56 ||    90
Block: Shield            |    62 |   101 ||   163
       Rpst.: Long sword |     3 |    10 ||    13
